AoeStats
← _Orca_

Nomad

506610240Analyzed
4v4 RM · 18d ago on Sep 14, 2026· 55m 28s· 8 players
Game mode
Random Map
Map size
231×231
Population
200
Speed
Normal
Resources
Standard
Victory
Conquest
Starting age
Dark Age
Ending age
Imperial Age
RankedLock teamsTeams togetherTeam positionsShared explorationLock speedFull tech treeHidden civsTurbo modeCheats
Victory
Defeat
🇨🇳 Koreans · China
1323
+15
🇨🇳 Mongols · China
1290
+17
🇧🇩 Spanish · Bangladesh
1283
+17
🇨🇳 Franks · China
1261
+18
🇫🇷 Mongols · France
1367
-20
🇬🇧 Spanish · United Kingdom
1341
-18
🇫🇷 Dravidians · France
1267
-15
🇦🇺 Armenians · Australia
1240
-14
Anil
3:08 Loom
13:10 Feudal Age
14:52 Forging
14:49 Scale Barding Armor
14:43 Double-Bit Axe
15:41 Bloodlines
16:36 Horse Collar
18:44 Fletching
23:45 Castle Age
36:28 Bodkin Arrow
37:25 Ballistics
39:54 Padded Archer Armor
40:57 Bow Saw
43:18 Wheelbarrow
44:54 Leather Archer Armor
45:56 Heavy Plow
50:21 Hand Cart
52:41 Imperial Age
52:51 Elite Mangudai
53:39 Bracer
54:43 Chemistry
53:51 Gold Mining
54:24 Town Watch
55:44 Town Patrol
56:12 Parthian Tactics
55:53 Thumb Ring
肥肠拌面
4:11 Loom
45:01 Feudal Age
50:22 Castle Age
_Orca_
5:09 Loom
13:03 Feudal Age
19:53 Castle Age
19:12 Double-Bit Axe
19:58 Horse Collar
20:10 Gold Mining
20:22 Padded Archer Armor
21:44 Leather Archer Armor
24:12 Fishing Lines
25:04 Fletching
26:08 Wheelbarrow
26:36 Bloodlines
27:27 Town Watch
30:38 Stone Mining
31:23 Husbandry
33:19 Bodkin Arrow
33:47 Scale Barding Armor
35:46 Hand Cart
39:39 Imperial Age
39:52 Elite Conquistador
41:08 Ring Archer Armor
41:37 Bow Saw
41:28 Heavy Plow
42:14 Conscription
43:18 Cavalier
46:00 Chain Barding Armor
45:33 Capped Ram
47:07 Paladin
50:55 Plate Barding Armor
52:16 Two-Man Saw
52:46 Siege Ram
53:37 Forging
53:29 Bracer
55:23 Guilds
tugou
5:46 Loom
14:32 Feudal Age
16:24 Double-Bit Axe
18:53 Castle Age
17:09 Fishing Lines
17:55 Gold Mining
17:58 Stone Mining
20:03 Bow Saw
20:18 Gillnets
20:21 Fletching
21:15 Bodkin Arrow
24:25 Wheelbarrow
25:12 Ballistics
27:46 Hand Cart
32:42 Imperial Age
32:48 Gold Shaft Mining
33:02 Coinage
33:35 Bracer
35:48 Chemistry
35:42 Elite War Wagon
36:41 Horse Collar
39:39 Conscription
41:33 Two-Man Saw
42:35 Stone Shaft Mining
41:48 Heavy Rocket Cart
43:49 Banking
46:35 Heavy Plow
52:10 Shinkichon
54:45 Siege Engineers
55:32 Husbandry
milopokerboy
4:01 Loom
16:21 Feudal Age
20:43 Castle Age
22:20 Double-Bit Axe
24:00 Bow Saw
30:34 Bloodlines
31:45 Padded Archer Armor
33:06 Medium Warships
33:11 Husbandry
37:49 Leather Archer Armor
38:40 Wheelbarrow
40:28 Hand Cart
40:23 Fishing Lines
40:53 Town Watch
43:44 Forging
45:44 Caravan
49:16 Imperial Age
47:07 Fletching
47:38 Masonry
48:37 Bodkin Arrow
49:36 Ballistics
49:30 Elite Conquistador
55:09 Architecture
Nonol
5:01 Loom
12:15 Feudal Age
16:38 Castle Age
14:52 Fishing Lines
17:10 Pikeman
19:06 Gillnets
19:37 Fletching
19:50 Padded Archer Armor
20:35 Bodkin Arrow
21:34 Town Watch
25:13 Elite Skirmisher
26:48 Leather Archer Armor
55:10 Imperial Age
53:31 Double-Bit Axe
55:58 Wheelbarrow
55:36 Bow Saw
55:07 Horse Collar
NightArea86
6:01 Loom
13:06 Feudal Age
16:56 Castle Age
15:02 Double-Bit Axe
18:46 Town Watch
20:01 Fletching
21:08 Bodkin Arrow
24:26 Scale Barding Armor
27:09 Padded Archer Armor
28:04 Ballistics
29:17 Bow Saw
34:22 Imperial Age
32:31 Leather Archer Armor
35:24 Chain Barding Armor
35:05 Bracer
36:33 Chemistry
37:08 Husbandry
Waetla
7:05 Loom
14:36 Feudal Age
15:30 Double-Bit Axe
16:26 Fishing Lines
20:56 Castle Age
19:31 Gold Mining
20:16 Fletching
21:49 Medium Warships
22:06 Bow Saw
23:59 Gillnets
25:33 Wheelbarrow
26:46 Bodkin Arrow
27:38 Town Watch
27:55 Padded Archer Armor
28:54 Hand Cart
29:20 Scale Mail Armor
28:42 Man-at-Arms
30:04 Forging
31:18 Chain Mail Armor
31:38 Iron Casting
31:52 Horse Collar
31:47 Long Swordsman
33:19 Gambesons
33:34 Squires
33:47 Squires
33:32 Arson
33:58 Heavy Plow
34:55 Iron Casting
34:13 Two-Handed Swordsman
37:23 Ballistics
36:46 Champion
39:36 Elite Skirmisher
43:12 Imperial Age
41:01 Leather Archer Armor
44:01 Bracer
44:31 Ring Archer Armor
44:36 Conscription
44:32 Demolition Ship
48:28 Chemistry
48:40 Capped Ram
49:57 Plate Mail Armor
50:27 Blast Furnace
51:30 Gold Shaft Mining
Connection lost

Rejoining the realm…

Still unreachable

The connection could not be restored.

Session expired

The server has moved on; the page needs a fresh start.